 Dungeon Crawl Stone Soup version 0.26.1-2-gb8aa6d0cf2 (webtiles) character file.

Game seed: 2471506044677464843

2007 ubername the Spear-Bearer (level 9, -2/69 HPs)
             Began as a Merfolk Berserker on Feb 26, 2021.
             Was an Elder of Trog.
             Splashed by a jelly's acid (10 damage)
             ... on level 7 of the Dungeon.
             The game lasted 00:16:23 (6635 turns).

ubername the Spear-Bearer (Merfolk Berserker)       Turns: 6635, Time: 00:16:25

Health: -2/69      AC:  9    Str: 20    XL:     9   Next: 22%
Magic:  9/9        EV: 14    Int:  7    God:    Trog [****..]
Gold:   441        SH:  0    Dex: 13    Spells: 8/8 levels left

rFire    . . .     SeeInvis .   a - +3 scythe (flame)
rCold    . . .     Faith    .   (shield currently unavailable)
rNeg     . . .     Spirit   .   A - +1 chain mail
rPois    .         Reflect  .   F - +2 helmet
rElec    .         Harm     .   (no cloak)
rCorr    .         Rampage  .   (no gloves)
Will     .....                  (no boots)
Stlth    ..........             C - amulet of the acrobat
HPRegen  0.21/turn              t - +4 ring of evasion
MPRegen  0.11/turn              (no ring)

@: mighty, corroded, berserk cooldown, slowed, very slow
A: change form in water, swift swim, stealthy swim
a: Renounce Religion, Berserk, Trog's Hand, Brothers in Arms


You were on level 7 of the Dungeon.
You worshipped Trog.
Trog was greatly pleased with you.
You visited 1 branch of the dungeon, and saw 7 of its levels.

You collected 441 gold pieces.

Inventory:

Hand Weapons
 a - a +3 scythe of flaming (weapon)
 b - a +0 hunting sling of freezing
Missiles
 c - 213 stones (quivered)
 d - 4 boomerangs
 p - 86 sling bullets
Armour
 A - a +1 chain mail (worn)
 F - a +2 helmet (worn)
Jewellery
 t - a +4 ring of evasion (left hand)
 C - an amulet of the acrobat (around neck)
Wands
 j - a wand of flame (8)
 k - a wand of polymorph (4)
 y - a wand of digging (7)
 z - a wand of enslavement (9)
 D - a wand of acid (9)
 E - a wand of disintegration (8)
Scrolls
 e - a scroll of fog
 m - a scroll of identify
 n - 3 scrolls of amnesia {unknown}
 o - 3 scrolls of remove curse {unknown}
 q - 2 scrolls of magic mapping {unknown}
 r - 3 scrolls of enchant weapon {unknown}
 s - 3 scrolls of teleportation
 v - 6 scrolls of fear
Potions
 f - a potion of might
 g - 2 potions of haste {unknown}
 h - 2 potions of degeneration {unknown}
 i - a potion of berserk rage {unknown}
 l - a potion of flight {unknown}
 u - 3 potions of magic {unknown}
 w - 4 potions of curing {unknown}
 x - a potion of lignification {unknown}
 G - a potion of mutation {unknown}


   Skills:
 + Level 6.1 Fighting
 + Level 11.8 Polearms
 + Level 2.5(2.6) Slings
 + Level 1.1(2.3) Throwing
 + Level 4.0 Armour
 + Level 4.8 Dodging
 + Level 1.8 Stealth


You had 8 spell levels left.
You didn't know any spells.
Your spell library contained the following spells:

 Spells                   Type           Power        Failure   Level
 Animate Skeleton         Necr           0%           99%         1
 Apportation              Tloc           0%           99%         1
 Corona                   Hex            0%           99%         1
 Summon Small Mammal      Summ           0%           99%         1


Dungeon Overview and Level Annotations

Branches:
Dungeon (7/15)             Temple (0/1) D:5

Altars:
Ashenzari
Cheibriados
Gozag
Hepliaklqana
Makhleb
Okawaru
Ru
Uskayaw
Wu Jian

Annotations:
D:3 3 runed translucent doors, WaxSun's ghost, amateur DsGl
D:7 4 transporters


Message History

The shadow imp gestures at you.
You struggle to resist.
The kobold demonologist mumbles some strange words.
The bullfrog hits you but does no damage.
The jelly barely misses you. The shadow imp closely misses you.
The kobold demonologist hits you but does no damage.
The bullfrog barely misses you.
You slice the iron imp!!
You kill the iron imp!
The bullfrog hits you.
* * * LOW HITPOINT WARNING * * *
The jelly hits you but does no damage. The shadow imp gestures at you.
You struggle to resist.
The shadow imp barely misses you.
The kobold demonologist hits you but does no damage.
The bullfrog hits you but does no damage.
The jelly hits you.
* * * LOW HITPOINT WARNING * * *
The acid corrodes you!
You are splashed with acid!
You die...

.# ##.....## #.#####..# ##
##...## #........#
##'######.#####.##
##...............##
#..#####♣.♣#####..# ##
##.##$?.#...#BFK##.## ..
#.(#♣$$!#.©.#/.o♣#.[#
#.###.####+#######'####.#
#...).#.....BJ@55.....#.#
####..#.....55FKo.....#.#
#..##....#.5.#....##.#
#...#...##...##...#..##
#...#.©...#.#...©.#...#
##..#......#......#...#
#.##.©...#.#...©B##..# #
#.#....##...##.?..#..# #⌠
#.#....o#...#Z....#..######


You could see a kobold demonologist, a bullfrog, a jelly, a worker ant, a white
imp, 2 shadow imps, an orc and 2 ufetubi.

Vanquished Creatures
  A komodo dragon (D:7)
  Grinder (D:5)
  Sigmund (D:4)
  A sky beast (D:6)
  An ice beast (D:7)
  An ogre (D:6)
  2 centaurs
  2 bullfrogs
  A wyvern zombie (D:7)
  A water moccasin skeleton (D:7)
  A howler monkey (D:5)
  A bullfrog zombie (D:6)
  2 hounds (D:4)
  3 orc priests
  A jelly (D:5)
  An orc wizard (D:7)
  A bullfrog skeleton (D:4)
  A centaur skeleton (D:4)
  A gnoll shaman (D:5)
  Ijyb (D:5)
  3 worker ants
  A hound skeleton (D:5)
  A worker ant zombie (D:6)
  Robin (D:4)
  8 gnolls
  3 adders
  2 shadow imps
  2 adder skeletons (D:4)
  4 worms
  3 dart slugs
  2 leopard geckos
  17 orcs
  2 ball pythons (D:2)
  5 bats
  5 giant cockroaches
  15 goblins
  5 hobgoblins
  2 jackals (D:3)
  4 quokkas
  3 frilled lizards
  8 kobolds
  2 leopard gecko skeletons
  A leopard gecko zombie (D:5)
  10 rats
134 creatures vanquished.

Vanquished Creatures (others)
  An orc wizard (D:4)
1 creature vanquished.

Grand Total: 135 creatures vanquished

Notes
Turn   | Place    | Note
-------+----------+-------------------------------------------
     0 | D:1      | ubername the Merfolk Berserker began the quest for the Orb.
     0 | D:1      | Reached XP level 1. HP: 18/18 MP: 1/1
   361 | D:1      | Reached XP level 2. HP: 22/24 MP: 2/2
   635 | D:1      | Reached skill level 5 in Polearms
  1024 | D:2      | Reached XP level 3. HP: 30/30 MP: 3/3
  1030 | D:2      | Found a sacrificial altar of Ru.
  1431 | D:2      | Found an ornate altar of the Wu Jian Council.
  1559 | D:2      | Reached XP level 4. HP: 37/37 MP: 4/4
  1660 | D:3      | Reached ** piety under Trog
  2174 | D:3      | Found a runed translucent gate.
  2174 | D:3      | Found a runed translucent gate.
  2174 | D:3      | Found a runed translucent gate.
  2176 | D:3      | Noticed a big kobold
  2179 | D:3      | Noticed a big kobold
  2186 | D:3      | Noticed WaxSun's ghost (amateur DsGl)
  2504 | D:4      | Reached skill level 6 in Polearms
  2525 | D:4      | Reached XP level 5. HP: 19/42 MP: 5/5
  2538 | D:4      | HP: 2/43 [poisoned by a worker ant]
  2732 | D:4      | Noticed Sigmund
  2748 | D:4      | Killed Sigmund
  2749 | D:4      | Reached skill level 7 in Polearms
  2749 | D:4      | Reached skill level 1 in Throwing
  2749 | D:4      | Reached skill level 1 in Stealth
  2749 | D:4      | Reached XP level 6. HP: 49/49 MP: 6/6
  2994 | D:4      | Reached XP level 7. HP: 55/55 MP: 7/7
  3001 | D:4      | Reached skill level 8 in Polearms
  3343 | D:4      | Noticed Robin
  3354 | D:4      | Killed Robin
  3355 | D:4      | Reached *** piety under Trog
  3904 | D:5      | Entered Level 5 of the Dungeon
  4045 | D:5      | Noticed Grinder
  4054 | D:5      | Paralysed by Grinder for 7 turns
  4076 | D:5      | Killed Grinder
  4077 | D:5      | Reached skill level 5 in Fighting
  4077 | D:5      | Reached skill level 9 in Polearms
  4326 | D:5      | Reached skill level 1 in Slings
  4328 | D:5      | Reached XP level 8. HP: 62/62 MP: 8/8
  4397 | D:5      | Found a snail-covered altar of Cheibriados.
  4573 | D:5      | Noticed Ijyb
  4589 | D:5      | Killed Ijyb
  4856 | D:5      | Found a staircase to the Ecumenical Temple.
  5153 | D:6      | Reached skill level 10 in Polearms
  5897 | D:6      | Found a hazy altar of Hepliaklqana.
  6241 | D:7      | Found a hide-covered altar of Uskayaw.
  6455 | D:7      | Reached skill level 11 in Polearms
  6473 | D:7      | Found a broken altar of Ashenzari.
  6475 | D:7      | Found an iron altar of Okawaru.
  6490 | D:7      | Found an opulent altar of Gozag.
  6491 | D:7      | Found a burning altar of Makhleb.
  6512 | D:7      | Reached **** piety under Trog
  6513 | D:7      | Reached XP level 9. HP: 69/69 MP: 9/9
  6516 | D:7      | Found a transporter.
  6518 | D:7      | Noticed a komodo dragon
  6519 | D:7      | Found a transporter.
  6539 | D:7      | Found a transporter.
  6558 | D:7      | Found a transporter.
  6567 | D:7      | Noticed a kobold demonologist
  6574 | D:7      | Found a transporter.
  6625 | D:7      | Killed a komodo dragon
  6635 | D:7      | Splashed by a jelly's acid

Illustrated notes

Levels and vault maps discovered:
D:1:      elethiomel_arrival_infinity_welcomes_careful_drivers, layout_basic,
          hangedman_decor_lopped, minivault_24
D:2:      layout_rooms, nzn_wu_jian_council_hall, nicolae_ru_awakened_eye
D:3:      layout_rooms, gammafunk_ghost_nasty_kobolds
D:4:      layout_loops_ring, kennysheep_potato, uniq_robin, uniq_sigmund
D:5:      layout_basic, minmay_temple_entry_fiery, basic_altar, uniq_grinder,
          uniq_ijyb
D:6:      layout_basic, nzn_hepliaklqana_mist_gate
D:7:      gammafunk_the_bubble [the_bubble_gammafunk_roulette],
          layout_loops_corners, grunt_temple_overflow_open, minitemple,
          hangedman_glass_teeth

Skill      XL: |  1  2  3  4  5  6  7  8  9 |
---------------+----------------------------+-----
Polearms       | 5 6 7 9 11 | 11.8
Dodging        | 3 4 |  4.8
Fighting       | 4 5 6 |  6.1
Armour         | 2 3 4 |  4.0
Throwing       | 1 |  1.1
Stealth        | 1 |  1.8
Slings         | 1 2 |  2.5

Action                   |  1- 3 |  4- 6 |  7- 9 || total
-------------------------+-------+-------+-------++-------
Melee: Spear             |   125 |    50 |       ||   175
       Trident           |       |    81 |       ||    81
       Scythe            |       |    20 |   169 ||   189
 Fire: Hunting sling     |       |       |    18 ||    18
Throw: Stone             |    10 |    14 |     4 ||    28
Invok: Berserk           |     1 |     3 |     4 ||     8
  Use: Potion            |       |     1 |     1 ||     2
       Scroll            |       |     2 |     4 ||     6
Armor: Ring mail         |    42 |    33 |       ||    75
       Scale mail        |       |    10 |    14 ||    24
       Chain mail        |       |       |    90 ||    90
Dodge: Dodged            |    74 |   105 |   188 ||   367
